 Dungeon Sprint DCSS version 0.24-a0-537-g2d01d4a (webtiles) character file.

Game seed: 1000639914840742868

968 silentkaos13 the Cleaver (level 8, -9/68 HPs)
             Began as a Gnoll Wanderer on Aug 14, 2019.
             Was a Follower of Wu Jian.
             Mangled by a sixfirhy (12 damage)
             ... summoned by a kobold demonologist
             ... in the Dungeon (Sprint I: "Red Sonja").
             The game lasted 00:02:14 (1112 turns).

silentkaos13 the Cleaver (Gnoll Wanderer)           Turns: 1112, Time: 00:02:15

Health: -9/68      AC:  8    Str: 20    XL:     8   Next: 16%
Magic:  16/17      EV: 14    Int: 14    God:    Wu Jian [*.....]
Gold:   411        SH:  0    Dex: 12    Spells: 19/19 levels left

rFire    . . .     SeeInvis .   a - +2 hand axe
rCold    . . .     Gourm    .   (no shield)
rNeg     . . .     Faith    .   b - +0 ring mail
rPois    .         Spirit   .   (no helmet)
rElec    .         Reflect  .   (no cloak)
rCorr    .         Harm     .   k - +0 pair of gloves
MR       .....     NoTele   +   (no boots)
Stlth    ++........             (no amulet)
HPRegen  0.21/turn              (no ring)
MPRegen  0.15/turn              (no ring)

@: no status effects
A: distributed training, fangs 1, strong nose
a: Renounce Religion


You were in the Dungeon.
You worshipped Wu Jian.
Wu Jian was aware of your devotion.
You were hungry.

You visited 1 branch You collected 411 gold pieces.

Inventory:

Hand Weapons
 a - a +2 hand axe (weapon)
Armour
 b - a +0 ring mail (worn)
 k - a +0 pair of gloves (worn)
Scrolls
 j - a scroll of blinking
Potions
 c - a potion of lignification
 e - a potion of curing
 g - a potion of haste
 h - 2 potions of magic
 i - a potion of berserk rage
Comestibles
 d - a ration


   Skills:
 + Level 7.7 Fighting
 + Level 6.1 Short Blades
 + Level 6.1 Long Blades
 + Level 10.4 Axes
 + Level 6.1 Maces & Flails
 + Level 6.1 Polearms
 + Level 6.1 Staves
 + Level 6.1 Slings
 + Level 6.1 Bows
 + Level 6.1 Crossbows
 + Level 6.7 Throwing
 + Level 7.7 Armour
 + Level 6.1 Dodging
 + Level 6.1 Stealth
 + Level 6.7 Shields
 + Level 6.1 Unarmed Combat
 + Level 6.1 Spellcasting
 + Level 5.0 Conjurations
 + Level 5.0 Hexes
 + Level 5.0 Charms
 + Level 5.0 Summonings
 + Level 5.0 Necromancy
 + Level 5.0 Translocations
 + Level 5.0 Transmutations
 + Level 5.0 Fire Magic
 + Level 5.0 Ice Magic
 + Level 5.0 Air Magic
 + Level 5.0 Earth Magic
 + Level 5.0 Poison Magic
 + Level 6.7 Invocations
 + Level 6.1 Evocations


You had 19 spell levels left.
You didn't know any spells.
Your spell library was empty.

Dungeon Overview and Level Annotations

Branches:
Dungeon (1/1)

Altars:
Cheibriados
Dithmenos
Elyvilon
Fedhas
Gozag
Hepliaklqana
Kikubaaqudgha
Makhleb
Nemelex Xobeh
Okawaru
Qazlal
Ru
Sif Muna
Trog
Uskayaw
Vehumet
Wu Jian
Xom
Yredelemnul
Zin
The Shining One
Jiyva
Lugonu

Shops:
D ?


Innate Abilities, Weirdness & Mutations

Your experience applies equally to all skills.
You have very sharp teeth.
Your uncanny sense of smell can sniff out nearby items.


Message History

The hellwing closely misses you. x2
You hit the kobold demonologist.
Your bite misses the kobold demonologist.
The kobold demonologist is moderately wounded.
You miss the sixfirhy. You hit the iron imp.
You hit the hellwing but do no damage.
The kobold demonologist completely misses you.
The smoke demon gestures at you. Something smites you!
* * * LOW HITPOINT WARNING * * *
You closely miss the kobold demonologist.
The kobold demonologist is moderately wounded.
You closely miss the sixfirhy. You hit the iron imp.
You hit the hellwing but do no damage.
The shadow imp disappears in a puff of smoke!
The sixfirhy closely misses you. The hellwing misses you.
The hellwing barely misses you. The sixfirhy hits you.
* * * LOW HITPOINT WARNING * * *
The sixfirhy shocks you!
You die...

#####################
.').#.)'..#__#.4@K5.#∆∆
.#..'..#..'..'.5#33.#
###'#####'#__####5§.+
##..#...#.####∆∆ ####
_####..##.# ∆∆
____##'#_.+ .∩...÷..._#
∆∆ ..__##_.#'#
____###+#)#∆∆∆∆ ∆


You could see a hellwing, a kobold demonologist, a sixfirhy, a smoke demon, an
iron imp and 2 quasits.

Vanquished Creatures
  A kobold demonologist (D)
  A slime creature (D)
  Sigmund (D)
  A yak (D)
  A floating eye (D)
  An ogre (D)
  A jelly (D)
  Ijyb (D)
8 creatures vanquished.

Notes
Turn   | Place    | Note
-------+----------+-------------------------------------------
     0 | D        | silentkaos13 the Gnoll Wanderer began the quest for the
                  | Orb.
     0 | D        | silentkaos13 set off with the following items: a +2 hand
                  | axe, a +0 ring mail, a potion of lignification, a ration, a
                  | potion of curing, a potion of heal wounds, a potion of
                  | haste, 2 potions of magic, a potion of berserk rage, a
                  | scroll of blinking
     0 | D        | Reached XP level 1. HP: 20/20 MP: 1/1
     1 | D        | Noticed Ijyb
    20 | D        | Killed Ijyb
    20 | D        | Reached skill level 1 in Short Blades
    20 | D        | Reached skill level 1 in Long Blades
    20 | D        | Reached skill level 1 in Maces & Flails
    20 | D        | Reached skill level 1 in Polearms
    20 | D        | Reached skill level 1 in Staves
    20 | D        | Reached skill level 1 in Slings
    20 | D        | Reached skill level 1 in Bows
    20 | D        | Reached skill level 1 in Crossbows
    20 | D        | Reached skill level 1 in Dodging
    20 | D        | Reached skill level 1 in Stealth
    20 | D        | Reached skill level 1 in Unarmed Combat
    20 | D        | Reached skill level 1 in Spellcasting
    20 | D        | Reached skill level 1 in Conjurations
    20 | D        | Reached skill level 1 in Hexes
    20 | D        | Reached skill level 1 in Charms
    20 | D        | Reached skill level 1 in Summonings
    20 | D        | Reached skill level 1 in Necromancy
    20 | D        | Reached skill level 1 in Translocations
    20 | D        | Reached skill level 1 in Transmutations
    20 | D        | Reached skill level 1 in Fire Magic
    20 | D        | Reached skill level 1 in Ice Magic
    20 | D        | Reached skill level 1 in Air Magic
    20 | D        | Reached skill level 1 in Earth Magic
    20 | D        | Reached skill level 1 in Poison Magic
    20 | D        | Reached skill level 1 in Evocations
    20 | D        | Reached XP level 2. HP: 15/26 MP: 1/4
    20 | D        | Reached XP level 3. HP: 19/32 MP: 1/5
   249 | D        | Noticed an ogre
   259 | D        | Killed an ogre
   259 | D        | Reached skill level 5 in Fighting
   259 | D        | Reached skill level 9 in Axes
   259 | D        | Reached skill level 5 in Armour
   259 | D        | Reached XP level 4. HP: 13/39 MP: 5/8
   466 | D        | Noticed Sigmund
   474 | D        | Killed Sigmund
   474 | D        | Reached skill level 5 in Throwing
   474 | D        | Reached skill level 5 in Shields
   474 | D        | Reached XP level 5. HP: 39/46 MP: 8/11
   474 | D        | Reached XP level 6. HP: 44/52 MP: 8/12
   516 | D        | Found an ornate altar of the Wu Jian Council.
   516 | D        | Found a shimmering blue altar of Sif Muna.
   518 | D        | Found a radiant altar of Vehumet.
   656 | D        | Found Jaosonuf's Magic Scroll Emporium.
   656 | D        | Found an ancient bone altar of Kikubaaqudgha.
   656 | D        | Found a hazy altar of Hepliaklqana.
   656 | D        | Found a stormy altar of Qazlal.
   656 | D        | Found a hide-covered altar of Uskayaw.
   656 | D        | Found a blossoming altar of Fedhas.
   656 | D        | Found a bloodstained altar of Trog.
   656 | D        | Found an iron altar of Okawaru.
   656 | D        | Found a basalt altar of Yredelemnul.
   656 | D        | Found a glowing golden altar of the Shining One.
   656 | D        | Found a snail-covered altar of Cheibriados.
   656 | D        | Found a sacrificial altar of Ru.
   656 | D        | Found a glowing silver altar of Zin.
   656 | D        | Found a shadowy altar of Dithmenos.
   656 | D        | Found a white marble altar of Elyvilon.
   656 | D        | Noticed a yak
   678 | D        | Killed a yak
   678 | D        | Reached skill level 5 in Short Blades
   678 | D        | Reached skill level 5 in Long Blades
   678 | D        | Reached skill level 5 in Maces & Flails
   678 | D        | Reached skill level 5 in Polearms
   678 | D        | Reached skill level 5 in Staves
   678 | D        | Reached skill level 5 in Slings
   678 | D        | Reached skill level 5 in Bows
   678 | D        | Reached skill level 5 in Crossbows
   678 | D        | Reached skill level 5 in Dodging
   678 | D        | Reached skill level 5 in Stealth
   678 | D        | Reached skill level 5 in Unarmed Combat
   678 | D        | Reached skill level 5 in Spellcasting
   678 | D        | Reached skill level 5 in Invocations
   678 | D        | Reached skill level 5 in Evocations
   678 | D        | Reached XP level 7. HP: 16/59 MP: 12/14
   902 | D        | Found an opulent altar of Gozag.
   903 | D        | Found a sparkling altar of Nemelex Xobeh.
   915 | D        | Became a worshipper of the Wu Jian Council
   920 | D        | Found a burning altar of Makhleb.
   920 | D        | Found a viscous altar of Jiyva.
   920 | D        | Found a shimmering altar of Xom.
   920 | D        | Found a corrupted altar of Lugonu.
   920 | D        | Noticed a slime creature
   936 | D        | Killed a slime creature
   936 | D        | Reached skill level 10 in Axes
  1082 | D        | Noticed a kobold demonologist
  1083 | D        | Noticed a kobold demonologist
  1084 | D        | Paralysed by a floating eye for 2 turns
  1093 | D        | Noticed a hellwing
  1098 | D        | Noticed a smoke demon
  1098 | D        | Killed a kobold demonologist
  1098 | D        | Reached * piety under Wu Jian
  1098 | D        | Reached skill level 5 in Conjurations
  1098 | D        | Reached skill level 5 in Hexes
  1098 | D        | Reached skill level 5 in Charms
  1098 | D        | Reached skill level 5 in Summonings
  1098 | D        | Reached skill level 5 in Necromancy
  1098 | D        | Reached skill level 5 in Translocations
  1098 | D        | Reached skill level 5 in Transmutations
  1098 | D        | Reached skill level 5 in Fire Magic
  1098 | D        | Reached skill level 5 in Ice Magic
  1098 | D        | Reached skill level 5 in Air Magic
  1098 | D        | Reached skill level 5 in Earth Magic
  1098 | D        | Reached skill level 5 in Poison Magic
  1098 | D        | Reached XP level 8. HP: 58/68 MP: 15/17
  1104 | D        | Noticed a sixfirhy
  1108 | D        | HP: 3/68 [sixfirhy[a kobold demonologist] (9)]
  1112 | D        | Mangled by a sixfirhy

Levels and vault maps discovered:
D:        dungeon_sprint_1 [red_sonja_temple_1, red_sonja_temple_small_1]

Skill      XL: |  1  2  3  4  5  6  7 |
---------------+----------------------+-----
Short Blades   | 1 3 4 5 6 |  6.1
Long Blades    | 1 3 4 5 6 |  6.1
Maces & Flails | 1 3 4 5 6 |  6.1
Polearms       | 1 3 4 5 6 |  6.1
Staves         | 1 3 4 5 6 |  6.1
Slings         | 1 3 4 5 6 |  6.1
Bows           | 1 3 4 5 6 |  6.1
Crossbows      | 1 3 4 5 6 |  6.1
Throwing       | 3 4 5 6 |  6.7
Dodging        | 1 3 4 5 6 |  6.1
Stealth        | 1 3 4 5 6 |  6.1
Shields        | 3 4 5 6 |  6.7
Unarmed Combat | 1 3 4 5 6 |  6.1
Spellcasting   | 1 3 4 5 6 |  6.1
Conjurations   | 1 2 3 4 5 |  5.0
Hexes          | 1 2 3 4 5 |  5.0
Charms         | 1 2 3 4 5 |  5.0
Summonings     | 1 2 3 4 5 |  5.0
Necromancy     | 1 2 3 4 5 |  5.0
Translocations | 1 2 3 4 5 |  5.0
Transmutations | 1 2 3 4 5 |  5.0
Fire Magic     | 1 2 3 4 5 |  5.0
Ice Magic      | 1 2 3 4 5 |  5.0
Air Magic      | 1 2 3 4 5 |  5.0
Earth Magic    | 1 2 3 4 5 |  5.0
Poison Magic   | 1 2 3 4 5 |  5.0
Invocations    | 2 3 4 5 6 |  6.7
Evocations     | 1 3 4 5 6 |  6.1
Fighting       | 5 6 7 |  7.7
Axes           | 9 10 | 10.4
Armour         | 5 6 7 |  7.7

Action                   |  1- 3 |  4- 6 |  7- 9 || total
-------------------------+-------+-------+-------++-------
Melee: Hand axe          |    27 |    32 |    42 ||   101
       Bite              |     1 |     4 |    10 ||    15
       Punch             |       |       |     2 ||     2
Invok: Lunge             |       |       |     2 ||     2
  Use: Potion            |       |       |     1 ||     1
 Stab: Sleeping          |       |       |     1 ||     1
Armor: Ring mail         |     5 |     2 |     8 ||    15
Dodge: Dodged            |     8 |    14 |    32 ||    54

Table legend:
 A = Non-vault XP
 B = Vault XP
 C = Vault XP percentage of total XP
 D = Non-vault monster count
 E = Vault monster count
 F = Vault count percentage of total count
                 A         B        C        D         E       F
            +---------+---------+-------+---------+---------+-------
      Total |       0 |    1384 | 100.0 |       0 |       8 | 100.0
            +---------+---------+-------+---------+---------+-------
          D |       0 |    1384 | 100.0 |       0 |       8 | 100.0
            +---------+---------+-------+---------+---------+-------
